 Dungeon Crawl Stone Soup version 0.28-a0-622-gbaef9634d7 (webtiles) character file.

Game seed: 4412061880756648566

138 mordus the Chopper (level 5, -3/45 HPs)
             Began as a Hill Orc Fighter on Oct 7, 2021.
             Slain by Sigmund (12 damage)
             ... on level 3 of the Dungeon.
             The game lasted 00:02:28 (2300 turns).

mordus the Chopper (Hill Orc Fighter)               Turns: 2300, Time: 00:02:29

Health: -3/45      AC:  0    Str: 20    XL:     5   Next: 21%
Magic:  5/5        EV: 13    Int:  8    God:
Gold:   114        SH:  0    Dex: 10    Spells: 4/4 levels left

rFire   . . .      SeeInvis .   (weapon currently unavailable)
rCold   . . .      Faith    .   (shield currently unavailable)
rNeg    . . .      Spirit   .   (armour currently unavailable)
rPois   .          Reflect  .   (helmet currently unavailable)
rElec   .          Harm     .   (cloak currently unavailable)
rCorr   .          Rampage  .   (gloves currently unavailable)
Will    .....                   (boots currently unavailable)
Stlth   +.........              (no amulet)
HPRegen 0.15/turn               (ring currently unavailable)
MPRegen 0.09/turn               (ring currently unavailable)

@: pig-form, very quick
A: fast, no casting, small
a: no special abilities


You were on level 3 of the Dungeon.
You were a filthy swine.
You visited 1 branch of the dungeon, and saw 3 of its levels.

You collected 114 gold pieces.

Inventory:

Hand Weapons
 a - a +0 war axe (melded)
Armour
 b - a +0 scale mail (melded)
 c - a +0 buckler (melded)
 j - a +0 cloak (melded)
Scrolls
 f - 3 scrolls of teleportation {unknown}
 g - a scroll of amnesia {unknown}
 h - a scroll of summoning {unknown}
 i - 2 scrolls of identify {unknown}
 l - a scroll of blinking {unknown}
 m - 3 scrolls of fear {unknown}
 n - a scroll of magic mapping {unknown}
Potions
 d - a potion of might
 e - a potion of curing {unknown}
 k - a potion of brilliance {unknown}


   Skills:
 - Level 3.6 Fighting
 * Level 5.2 Axes
 + Level 4.2 Armour
 + Level 4.2 Shields


You had 4 spell levels left.
You didn't know any spells.
Your spell library contained the following spells:

 Spells                   Type           Power      Damage    Failure   Level
 Sublimation of Blood     Necr           0%         N/A       54%         2
 Petrify                  Tmut/Erth      0%         N/A       99%         4
 Irradiate                Conj/Tmut      0%         3d13      100%        5


Dungeon Overview and Level Annotations

Branches:
Dungeon (3/15)

Altars:

Annotations:
D:3 Sigmund


Message History

No target in view!
There is a strange disturbance nearby!
No target in view!
There is a strange disturbance nearby!
No target in view!
There is a strange disturbance nearby!
You hear a zap.
You turn into a filthy swine.
Your +0 war axe melds into your body.
Your +0 cloak melds into your body.
Your +0 buckler melds into your body.
Your +0 scale mail melds into your body.
You start waiting.
Your transformation is almost over.
There is a strange disturbance nearby!
Something hits you.
You hit something but do no damage. You miss something. Something hits you!
You closely miss something. You barely miss something. Something hits you.
You miss something.
You hear some strange, mumbled words.
A magic dart appears from out of thin air!
The magic dart hits you!
You closely miss something.
You hear a zap.
You hit something.
Your transformation has ended.
Your +0 war axe unmelds from your body.
Your +0 cloak unmelds from your body.
Your +0 buckler unmelds from your body.
Your +0 scale mail unmelds from your body.
You hear a zap.
You turn into a filthy swine.
Your +0 war axe melds into your body.
Your +0 cloak melds into your body.
Your +0 buckler melds into your body.
Your +0 scale mail melds into your body.
You closely miss something. You hit something. Something hits you!
* * * LOW HITPOINT WARNING * * *
You barely miss something. Something barely misses you.
You hit something. You miss something. Something hits you!
You die...

######.........>...............
).........................###..
######(...................# ##
######......†.............
....###..†................
....####)....#............
.......))..####.####......
......#########{### #.....
.....## #.....h.# ###..
.........##...[...# #.
########..........# ###.......#
#.......# #########


There were no monsters in sight!

Vanquished Creatures
  Jessica (D:2)
  Terence (D:2)
  3 adders (D:3)
  A worm (D:3)
  5 orcs (D:3)
  4 ball pythons
  5 endoplasms
  A giant cockroach (D:2)
  7 goblins
  6 hobgoblins
  4 jackals (D:1)
  5 kobolds
  A quokka (D:3)
  A bat (D:2)
  3 frilled lizards
  5 rats
53 creatures vanquished.

Vanquished Creatures (others)
  4 toadstools (D:1)
4 creatures vanquished.

Grand Total: 57 creatures vanquished

Notes
Turn   | Place    | Note
-------+----------+-------------------------------------------
     0 | D:1      | mordus the Hill Orc Fighter began the quest for the Orb.
     0 | D:1      | Reached XP level 1. HP: 19/19 MP: 1/1
    11 | D:1      | Reached skill level 3 in Axes
    16 | D:1      | Reached XP level 2. HP: 13/26 MP: 2/2
   285 | D:1      | Found a faded altar of an unknown god.
   498 | D:1      | Reached XP level 3. HP: 31/31 MP: 3/3
   820 | D:2      | Noticed Jessica
   838 | D:2      | Killed Jessica
   839 | D:2      | Reached skill level 4 in Axes
   970 | D:2      | Noticed Terence
   976 | D:2      | Reached XP level 4. HP: 22/39 MP: 4/4
   980 | D:2      | Killed Terence
  1944 | D:3      | Reached skill level 5 in Axes
  2138 | D:3      | Reached XP level 5. HP: 43/45 MP: 5/5
  2273 | D:3      | Noticed Sigmund
  2300 | D:3      | Slain by Sigmund

Illustrated notes

Levels and vault maps discovered:
D:1:      ldierk_walled_garden_2, layout_basic,
          hellmonk_ecumenical_altar_arch_garden, serial_glass, glass_columns_a,
          glass_columns_a
D:2:      layout_loops_ring, chequers_serial_rivers_large_b, roderic_lattice_a,
          minmay_3d_cube, uniq_jessica, uniq_terence
D:3:      minmay_wonky_spiral, layout_rooms, uniq_sigmund

Skill      XL: |  1  2  3  4 |
---------------+-------------+-----
Axes           | 3 4 5 |  5.2
Shields        | 4 |  4.2
Armour         | 4 |  4.2
Fighting       | |  3.6

Action                   |  1- 3 |  4- 6 || total
-------------------------+-------+-------++-------
Melee: War axe           |    48 |    61 ||   109
       Unarmed           |       |    12 ||    12
Armor: Scale mail        |    28 |    23 ||    51
Dodge: Dodged            |    20 |    24 ||    44
Block: Buckler           |    11 |    12 ||    23

Table legend: (Time is in decaauts)
 A = Elapsed time spent in this place.
 B = Non-inter-level travel time spent in this place.
 C = Inter-level travel time spent in this place.
 D = Time resting spent in this place.
 E = Time spent auto-exploring this place.
 F = Levels seen in this place.
 G = Mean time per level.
                   A        B        C        D        E       F      G
               +--------+--------+--------+--------+--------+-----+--------+
         Total |   2393 |   2302 |     91 |    463 |   1503 |   3 |  797.7 |
       Dungeon |   2393 |   2302 |     91 |    463 |   1503 |   3 |  797.7 |
               +--------+--------+--------+--------+--------+-----+--------+

Top non-repeatable levels by time:
     D:2: 1136 daAuts
     D:1: 788 daAuts
     D:3: 468 daAuts
